Cogmind - Beta 14 @@@ ROGUE MODE // 2024.08.25 @ 23:45:59 // Winter2022/Polymind Player: SoftwareLlama Result: Destroyed by G-34 Mercenary with Small Laser Performance ------------- Evolutions (1) 500 Regions Visited (2) 400 Robots Destroyed (1) 5 Value Destroyed (16) 16 Prototype IDs (0) 0 Alien Tech Used (0) 0 Bonus (1265) 1265 TOTAL SCORE: 2056 Bonus ------- Polymind Skill 1065 Pacifist 200 Cogmind --------- Core Integrity 0/400 Matter 0/0 Energy 25/25 System Corruption 2% Temperature Cool (12) Movement Core (100) Ox1 Location -9/Materials Parts ------- > --- POWER (1) -------- (None) > --- PROPULSION (2) --- (None) > --- UTILITY (2) ------ Small Storage Unit > --- WEAPON (0) ------- (None) > --- INVENTORY (4) ---- Heavy Assault Rifle Peak State ------------ > --- POWER ------------ Improved Ion Engine > --- PROPULSION ------- Light Treads Light Treads > --- UTILITY ---------- Heat Sink Heat Sink Light Armor Plating > --- WEAPON ----------- Beam Rifle Heavy Assault Rifle > --- INVENTORY -------- (None) [Rating: 11] Favorites ----------- Power Improved Ion Engine Engine Improved Ion Engine Propulsion Light Treads Treads Light Treads Wheel Wheel Hover Unit Hover Unit Utility Heat Sink Device Heat Sink Storage Small Storage Unit Processor Visual Processing Unit Protection Light Armor Plating Weapon Beam Rifle Energy Gun Beam Rifle Ballistic Gun Heavy Assault Rifle Special Weapon Mining Laser Build | -11 -10 -9 ------- Run | Yrd Mat Mat Slots Evolved . | . . . Power . | . . . Propulsion . | . . . Utility . | . . . Weapon . | . . . Parts Attached . | . . . Power . | . . . Engine . | . . . Core . | . . . Reactor . | . . . Propulsion . | . . . Treads . | . . . Leg . | . . . Wheel . | . . . Hover . | . . . Flight . | . . . Utility . | . . . Device . | . . . Storage . | . . . Processor . | . . . Hackware . | . . . Protection . | . . . Artifact . | . . . Weapon . | . . . Energy Gun . | . . . Energy Cannon . | . . . Ballistic Gun . | . . . Ballistic Cannon . | . . . Launcher . | . . . Special Weapon . | . . . Impact Weapon . | . . . Slashing Weapon . | . . . Piercing Weapon . | . . . Special Melee Weapon . | . . . Unidentified Prototypes . | . . . Parts Lost 6 | . . 6 Power 1 | . . 1 Propulsion 2 | . . 2 Utility 3 | . . 3 Weapon . | . . . Highest Loss Streak 5 | . . 5 To Critical Strikes . | . . . Average Slot Usage (%) 83 | . 100 80 Engine 12 | . 18 11 Treads 13 | . . 16 Wheel 6 | . 26 2 Hover 2 | . 11 . Device 18 | . 18 18 Storage 7 | . 13 6 Processor 2 | . 11 . Protection 6 | . . 8 Energy Gun 6 | . . 8 Ballistic Gun 6 | . . 8 Peak Build Rating 11 | 8 7 11 Average Rating 7 | 7 5 8 On Entrance 4 | . 5 7 Naked Turns . | . . . Heaviest Build 18 | 9 9 18 Greatest Support 40 | 32 32 40 Greatest Overweight (x) 2 | . . 2 Average Overweight (x) . | . . . Largest Inventory Capacity 4 | 4 4 4 Average Capacity 1 | . 2 1 Most Carried 4 | . 4 3 Average Carried . | . . . Final Capacity 4 | 4 . 4 Final Carried 1 | . . 1 Class Distribution -------------------- 55% | Sentry 37% | Recycler 7% | Watcher Dominant Class ---------------- Recycler | -10/Materials Sentry | -9/Materials Resources | -11 -10 -9 ----------- Run | Yrd Mat Mat Matter Collected 21 | . . 21 Remotely . | . . . Salvage Created 28 | . . 28 Parts 3 | . . 3 Haulers Intercepted . | . . . Recyclers Shooed . | . . . Parts Field Recycled . | . . . Retrieved Matter . | . . . Parts Self-Destructed . | . . . Prevented . | . . . Kills | -11 -10 -9 ------- Run | Yrd Mat Mat Combat Hostiles Destroyed . | . . . Classes Destroyed 1 | . . 1 Watcher 1 | . . 1 Best Kill Streak 1 | . . 1 Combat Bots Only . | . . . Max Kills in Single Turn 1 | . . 1 Gunslinging . | . . . Exploded . | . . . Melee . | . . . Uniques/NPCs Destroyed . | . . . Combat | -11 -10 -9 -------- Run | Yrd Mat Mat Hostile Shots Fired 83 | . . 83 Missed 22 | . . 22 Damage Taken 1013 | . . 1013 Core 401 | . . 401 Absorbed by Shields . | . . . Core Remaining (%) 100 | 100 100 . Volleys Fired 8 | . . 8 Largest 2 | . . 2 Hottest 79 | . . 79 Shots Fired 16 | . . 16 Gun 16 | . . 16 Cannon . | . . . Launcher . | . . . Special . | . . . Kinetic 8 | . . 8 Thermal 8 | . . 8 Explosive . | . . . Electromagnetic . | . . . Robot Hit Streak 11 | . . 11 Robot Miss Streak 1 | . . 1 Penetration Max . | . . . Secondary Targets 1 | . . 1 Max Gunslinging Chain 1 | . . 1 Shots Hit Robots 14 | . . 14 Core Hits 4 | . . 4 Critical Kills . | . . . Critical Parts Destroyed . | . . . Critical Strikes . | . . . Melee Attacks . | . . . Impact . | . . . Slashing . | . . . Piercing . | . . . Sneak Attacks . | . . . Combat Hostiles . | . . . Follow-up Attacks . | . . . Damage Inflicted 218 | . . 218 Guns 210 | . . 210 Cannons . | . . . Explosions . | . . . Melee . | . . . Ramming 8 | . . 8 Kinetic 119 | . . 119 Thermal 91 | . . 91 Explosive . | . . . Electromagnetic . | . . . Impact . | . . . Slashing . | . . . Piercing . | . . . Highest Corruption 2 | . . 2 Average Corruption 2 | . . 2 Corruption Purged . | . . . Corruption Blocked . | . . . Effects 3 | . . 3 Message Errors 1 | . . 1 Heat Flow Errors 1 | . . 1 Alerts 1 | . . 1 Overload Shots . | . . . Overflow Damage . | . . . Projectiles . | . . . Explosions . | . . . Melee . | . . . Knockbacks . | . . . Impact . | . . . Kinetic . | . . . Secondary . | . . . Self-Inflicted Damage 3 | . . 3 Shots . | . . . Rammed 7 | . . 7 Targets Rammed 7 | . . 7 Kicked . | . . . Crushed . | . . . Highest Temperature 150 | . . 150 Average Temperature 49 | . . 49 Received Heat Transfer 285 | . . 285 Siege Activations . | . . . Robots Corrupted . | . . . Combat Hostiles . | . . . Parts Fried . | . . . Impact Corruptions . | . . . Robots Melted . | . . . Combat Hostiles . | . . . Parts Melted . | . . . Heat Transferred 222 | . . 222 Parts Sabotaged . | . . . Parts Stolen . | . . . Parts Stripped . | . . . Power Chain Reactions . | . . . Alert | -11 -10 -9 ------- Run | Yrd Mat Mat Peak Influence 30 | . . 30 Initial . | . . . Average 2 | . . 3 Maximum Alert Level . | . . . Low Security (%) 100 | 100 100 100 Level 1 . | . . . Level 2 . | . . . Level 3 . | . . . Level 4 . | . . . Level 5 . | . . . High Security . | . . . Max Security . | . . . Squads Dispatched . | . . . Investigation . | . . . Extermination . | . . . Reinforcement . | . . . Assault . | . . . Garrison . | . . . Intercept . | . . . Searches Triggered . | . . . Construction Impeded . | . . . Haulers Reinforced . | . . . Active Scanning Responses . | . . . Cargo Convoy Interrupts . | . . . Stealth | -11 -10 -9 --------- Run | Yrd Mat Mat Distress Signals 1 | . . 1 Communications Jammed . | . . . Distress Signals . | . . . Times Spotted 10 | . . 10 Peak Tracking Total 6 | . . 6 Tactical Retreats 1 | . . 1 Traps | -11 -10 -9 ------- Run | Yrd Mat Mat Traps Triggered . | . . . Indirectly . | . . . Trap Hack Attempts . | . . . Triggered . | . . . Disarmed . | . . . Reprogrammed . | . . . Reused . | . . . Traps Extracted . | . . . Installed . | . . . Triggered . | . . . Machines | -11 -10 -9 ---------- Run | Yrd Mat Mat Machines Disabled . | . . . Max in Single Turn . | . . . Machines Repaired . | . . . Machines Dismantled . | . . . Machines Sabotaged . | . . . Overloaded Fab Kills . | . . . Hacking | -11 -10 -9 --------- Run | Yrd Mat Mat Machines Accessed . | . . . Terminals . | . . . Fabricators . | . . . Repair Stations . | . . . Recycling Units . | . . . Scanalyzers . | . . . Garrison Access . | . . . Total Hacks . | . . . Successful . | . . . Failed . | . . . Catastrophic . | . . . Database Lockouts . | . . . Manual . | . . . Terminals . | . . . Fabricators . | . . . Repair Stations . | . . . Recycling Units . | . . . Scanalyzers . | . . . Garrison Access . | . . . Terminal Hacks . | . . . Fabricator Hacks . | . . . Repair Station Hacks . | . . . Recycling Unit Hacks . | . . . Scanalyzer . | . . . Garrison Access Hacks . | . . . Unauthorized Hacks . | . . . Terminals . | . . . Fabricators . | . . . Repair Stations . | . . . Recycling Units . | . . . Scanalyzers . | . . . Garrison Access . | . . . Data Cores Recovered . | . . . Used . | . . . Hacking Detections . | . . . Full Trace Events . | . . . Feedback Events . | . . . Feedback Blocked . | . . . Robot Schematics Acquired . | . . . Robots Built . | . . . Authchips . | . . . Time . | . . . Total Robot Build Rating . | . . . Part Schematics Acquired . | . . . Parts Built . | . . . Authchips . | . . . Time . | . . . Total Part Build Rating . | . . . Parts Repaired . | . . . Time . | . . . Parts Recycled . | . . . Recycled Matter . | . . . Retrieved Matter . | . . . Retrieved Components . | . . . Parts Scanalyzed . | . . . Part Schematics Acquired . | . . . Parts Damaged . | . . . Bothacking | -11 -10 -9 ------------ Run | Yrd Mat Mat Used RIF Installer . | . . . Robots Hacked 3 | . 1 2 Non-combat 2 | . 1 1 Combat 1 | . . 1 Robot Hacks Applied 4 | . 2 2 find_recycling 1 | . . 1 map_route 1 | . 1 . mark_security 1 | . 1 . find_shortcuts 1 | . . 1 Relay Couplers Released . | . . . Fabnet Peak Effective % . | . . . Robots Rewired . | . . . Allies Hacked . | . . . Hacks Repelled . | . . . Allies | -11 -10 -9 -------- Run | Yrd Mat Mat Total Allies . | . . . Largest Group . | . . . Highest-Rated Group . | . . . Highest-Rated Ally . | . . . Total Orders . | . . . Ally Attacks . | . . . Total Damage . | . . . Kills . | . . . Allies Corrupted . | . . . Allies Melted . | . . . Intel | -11 -10 -9 ------- Run | Yrd Mat Mat Robot Analysis Total 4 | 2 1 1 Derelict Logs Recovered . | . . . Drone Launches . | . . . Drone Recoveries . | . . . Exploration | -11 -10 -9 ------------- Run | Yrd Mat Mat Turns Passed 880 | 160 120 600 Spaces Moved 481 | 120 129 232 Core 134 | 10 . 124 Treads 55 | . . 55 Legs . | . . . Wheels 209 | 110 75 24 Hover 83 | . 54 29 Flight . | . . . Fastest Speed 50 | 50 56 56 Average Speed 96 | 77 81 115 Slowest Speed 160 | 100 100 160 Overloaded Moves . | . . . Propulsion Burnouts . | . . . Robots Hopped . | . . . Cave-ins Triggered . | . . . Exploration Rate (%) 17 | 7 32 13 Regions Visited 2 Branch Regions . Pre-discovered Areas . | . . . Known Exits Taken 1 | . 1 . Unknown Exits Taken 1 | 1 . . Scrap Searched . | . . . Spaces Dug . | . . . Terrain Destroyed . | . . . Melee . | . . . Projectile . | . . . AOE . | . . . Terrain Rammed . | . . . Walls Destroyed . | . . . Machines Disabled . | . . . Actions | -11 -10 -9 --------- Run | Yrd Mat Mat Total 876 | 186 143 547 Wait 297 | . 7 290 Move 479 | 119 128 232 Hop . | . . . Pick Up 8 | . 4 4 Fast Attach . | . . . Attach . | . . . Detach . | . . . Swap . | . . . Drop . | . . . Fire 8 | . . 8 Melee . | . . . Ram 7 | . . 7 Kick . | . . . Crush . | . . . Escape Stasis . | . . . Rewire 1 | . . 1 Trap . | . . . Miscellaneous 76 | 67 4 5 Route ------- -11/Scrapyard -10/Materials (discovered 2 exits: *Mat x2) -9/Materials History --------- Turn | Location | Event 4 | -11/Scrapyard | Discovered new exit (range 14) 161 | -11/Scrapyard | Entered Materials 229 | -10/Materials | Discovered new exit (range 14) 245 | -10/Materials | Discovered new exit (range 30) 281 | -10/Materials | Identified exit to Materials 281 | -10/Materials | Entered another Materials area 761 | -9/Materials | Lost 5 parts (2n3u) 781 | -9/Materials | Core integrity fell below 50% 871 | -9/Materials | Core integrity fell below 20% 881 | -9/Materials | Destroyed by G-34 Mercenary with Small Laser Last Messages --------------- 00777_ HX8DSS|77CAZCNNB RDYQQUH<9PTSMR= 00780_ Lgt. Ion Engine destroyed. 00784_ Acquired Welding Torch. 00796_ Acquired Beam Cannon. 00823_ K-01 Serf cleans the Hadron Collector. 00823_ Inserted Beam Cannon into recycling unit. 00824_ Inserted Welding Torch into recycling unit. 00829_ System corrupted: IFF burst signal emitted. 00834_ K-01 Serf cleans the Hadron Collector. 00835_ Slammed into G-34 Mercenary. 00849_ C-30 ARC bursts open, deploying its payload. 00849_ G-47 Trooper unfolds itself. 00849_ G-34 Mercenary unfolds itself. 00851_ Critical hit (Burn: +37). 00867_ Acquired Hvy. Assault Rifle. 00872_ Slammed into G-34 Mercenary. 00878_ Atomic Centrifuge disabled. Map ----- +----------------------------------------------------+ | ?????????????????????????????????????????????????? | | ?????????????????!???????????????????????????????? | | ?????????????????????????????????????????????????? | | ?????????????????????????????????????????????????? | | ?????????????????????????????????????????????????? | | ?????????????????????????????????????????????????? | | ?????????????????????????????????????????????????? | | ?????????????????????????????????????????????????? | | ?????????????????????????????????????????????????? | | ?????????????????????????????????????????????????? | | ?????????????????????????????????????????????????? | | ?????????????????????????????????????????????????? | | ????##########???????????????????????????????????? | | #???# #???????????????????????????????????? | | #???# """" #???????????????????????????????????? | | #???# """" #???????????????????????????????????? | | #???# """" #???????????????????????????????????? | | #???# % #???????????????????????????????????? | | #???# "" #???????????????????????????????????? | | #???# "Y #?????########??????????????????????? | | #???# "" #?????# #???????????!??????????? | | #???# #?????# #??????????????????????? | | #???#####+####?????# #??????????????????????? | | ####### #??????# = #??????????????????????? | | #??????# #??????????????????????? | | #??????# r#??????????????????????? | | #############/############???????????? | | ####### "%" ??????????? | | ??????###### ####### t " ??????????? | | ???????????# #?????# ??????????? | | ???????????# #?????####g###########+???????????? | | ???????????# #??????# l #???!???????????????? | | ???????????# #??????# g "" #???????????????????? | | ???????????# #??????# """ #???????????????????? | | ???????????# #??????# """ #???????????????????? | | ???????????# #??????# #???????????????????? | | ???????????# #??????# g #???????????????????? | | ??????????## ##?????########???????????????????? | | ??????????# = #????????????????????????????????? | | ??????????#!%= #????????????????????????????????? | | ###???????# #????????????????????????????????? | | ???????# % #????????????????????????????????? | | ???????# % #????????????????????????????????? | | """""#?### ###????????????????????????????????? | | """""#???# #??????????????????????????????????? | | [ """""#???# #??????????????????????????????????? | | """""#???# #??????????????????????????????????? | | """""#???# #??????????????????????????????????? | | """""##### ########???????????????????????????? | | + ????????????????????? | +----------------------------------------------------+ Best States ------------- Heat Dissipation 36 Energy Generation 17 Energy Capacity 215 Matter Stores 100 Matter Capacity 100 Sight Range 18 Robot Scan Range 14 Terrain Scan Range 16 Terrain Scan Density 10 Armor Coverage 150 Resistance: EX 50 Resistance: I 25 Evasion (%) 53 Recoil Reduction 2 Item Schematics ----------------- None Robot Schematics ------------------ None Fabricated ------------ Nothing Alien Tech Used ----------------- None Achievements -------------- Armchair Analyst Challenges ------------ None Polymind | -11 -10 -9 ---------- Run | Yrd Mat Mat Hosts 5 | 2 1 2 Combat Hostiles 1 | . . 1 Allies . | . . . Unique Host Classes 4 | 2 1 1 Average Host Suspicion 55 | . 21 76 Unsuspicious Activity 688 | 339 26 323 Returns to Shadow . | . . . Fuzzy Dispatches . | . . . Protomatter Created . | . . . Used 50 | 10 12 28 Decayed . | . . . Highest Spend 23 | 5 12 23 Game ------ Seed DrainedInsulatedFacilitator Manual? 0 Play Time 00:14:10 Cumulative 6.8 hours Start 2024.08.25 @ 23:36:10 End 2024.08.25 @ 23:45:59 Sessions 1 Manual Loads 0 Difficulty Rogue Special Mode Winter2022/Polymind Game No. 5 Rogue 5 Adventurer 0 Explorer 0 Win Type - Total 0 Types 0/0/0/0/0/0/0/0/0 Lore% 7 Gallery% 12 Achievement% 13 Wizard Run 0 Options --------- Layout 1 ASCII 0 Keyboard 0 Movement Mouse Keybinds 0 Fullscreen 1 Font 32/SmallcapsGlow Map View 50x40 Zoom Use 0% Tactical HUD 1 Map Filters NONE Filters NONE Steam 1 RUN: 170c8072-edeb-458c-980a-4ce902d774cb